Map: Lost and Found LE

Players

Elazer - Winner!

  • Race: Zerg Zerg
  • Spawn Location: 7:00

DeMusliM

  • Race: Terran Terran
  • Spawn Location: 1:00

Event: WCS Valencia 2018

VOD

Have the link to the VOD?

Description

Time

  • Played on: July 12, 2018, 6:51 a.m.
  • Length: 2:55

All games in this series

Show
View Real Time Build Order
Export as new Build Order

Elazer Zerg - Winner!

Build Orders: Hatch First 

Get SALT Encoding   

  12  0:00  Drone  
  13  0:12  Overlord  
  13  0:17  Drone  
  14  0:31  Drone  
  14  0:34  Drone  
  16  0:47  Hatchery  
  15  0:51  Drone  
  15  0:54  Drone  
  17  0:58  Drone  
  18  1:08  Extractor  
  17  1:13  Spawning Pool  
  17  1:16  Drone  
  17  1:19  Drone  
  18  1:28  Drone  
  19  2:01  Spine Crawler, Queen  
  20  2:02  Zergling x6  
  20  2:04  Zergling x2  
  20  2:06  Spine Crawler  
  20  2:23  Zergling x4  
  20  2:24  Drone  
  21  2:32  Drone x2  
  21  2:35  Drone  
Show
View Real Time Build Order
Export as new Build Order

DeMusliM Terran 

Build Orders:  

Get SALT Encoding   

  12  0:00  SCV  
  13  0:12  SCV  
  14  0:19  Supply Depot  
  14  0:40  Barracks  
  14  0:49  Barracks  
  14  1:02  Barracks  
  14  1:06  SCV  
  15  1:27  Marine  
  15  1:28  Orbital Command  
  16  1:36  Marine  
  17  1:44  Supply Depot  
  17  1:45  Marine  
  18  1:49  Marine  
  19  1:54  Marine  
  19  2:01  Bunker  
  20  2:12  Marine  
  21  2:22  Bunker  
  20  2:24  Bunker  
  20  2:30  SCV  
  20  2:32  Marine  
  20  2:43  SCV  
Tags
 
Add a new tag
Caveats
  • Supply blocks, unpowered buildings, or Contaminate may cause inaccurate times.
  • Supply counts are checked every 10 seconds.